Map: Ascension to Aiur LE

Players

uThermal - Winner!

  • Race: Terran Terran
  • Spawn Location: 11:00

Nerchio

  • Race: Zerg Zerg
  • Spawn Location: 5:00

Event: WCS Montreal 2017

VOD

Have the link to the VOD?

Description

Time

  • Played on: Sept. 8, 2017, 6:37 p.m.
  • Length: 7:46

All games in this series

Show
View Real Time Build Order
Export as new Build Order

uThermal Terran - Winner!

Build Orders: Reaper Expand, Hellion Banshee 

Get SALT Encoding   

  12  0:01  SCV  
  13  0:13  SCV  
  14  0:17  Supply Depot  
  14  0:25  SCV  
  15  0:39  SCV  
  15  0:40  Barracks  
  16  0:44  Refinery  
  16  0:51  SCV  
  17  1:03  SCV  
  18  1:15  SCV  
  19  1:27  Orbital Command, Reaper  
  20  1:40  Command Center  
  20  1:48  Supply Depot  
  20  1:54  SCV  
  20  1:59  Marine  
  22  2:06  SCV  
  22  2:08  Factory  
  23  2:15  Refinery  
  23  2:17  Marine  
  23  2:18  SCV  
  25  2:30  SCV  
  25  2:35  Barracks Reactor  
  26  2:42  SCV  
  27  2:53  Orbital Command, Starport, Widow Mine  
  27  2:54  SCV  
  30  3:07  SCV  
  30  3:12  Marine x2  
  31  3:19  SCV x2  
  35  3:25  Factory Tech Lab  
  35  3:26  Supply Depot  
  35  3:30  Medivac  
  35  3:32  Marine x2  
  35  3:33  SCV x2  
  41  3:45  SCV x2  
  43  3:49  Supply Depot  
  43  3:56  Hellion  
  43  3:57  SCV x2, Hellion  
  49  4:06  Cloaking Field  
  49  4:07  Banshee  
  49  4:09  SCV x2  
  54  4:11  Supply Depot  
  54  4:18  Hellion x2  
  54  4:21  SCV  
  54  4:22  SCV  
  60  4:26  Supply Depot  
  60  4:34  SCV x2  
  60  4:35  Armory  
  60  4:36  Factory  
  62  4:39  Barracks Reactor  
  62  4:41  Refinery, Hellion  
  62  4:42  Hellion  
  66  4:46  SCV x2  
  68  4:57  Supply Depot  
  68  4:58  SCV x2  
  70  5:03  Hellion  
  72  5:09  Banshee  
  72  5:10  SCV x2  
  77  5:19  Hellion  
  79  5:22  Supply Depot, SCV x2  
  79  5:23  Terran Vehicle Weapons Level 1  
  79  5:24  Hellion  
  81  5:34  SCV x2  
  83  5:36  Cyclone  
  83  5:38  Cyclone  
  83  5:41  Hellion  
  91  5:43  Supply Depot  
  91  5:46  SCV x2  
  91  5:49  Cyclone  
  96  5:52  Refinery  
  96  5:58  SCV x2  
  98  6:07  Hellion  
  98  6:10  SCV x2  
  99  6:11  Command Center  
  99  6:12  Hellion  
  101  6:23  Hellion x2  
  105  6:26  SCV  
  106  6:37  SCV, Hellion x2  
  106  6:38  SCV  
  104  6:54  Hellion  
  104  6:58  Hellion  
  102  7:07  Hellion x2  
  101  7:10  SCV x2  
  95  7:17  Hellion  
  95  7:22  Factory x2, SCV  
  98  7:25  Factory  
  98  7:26  SCV, Refinery x2  
  99  7:34  SCV  
Show
View Real Time Build Order
Export as new Build Order

Nerchio Zerg 

Build Orders: Hatch First 

Get SALT Encoding   

  12  0:00  Drone  
  13  0:12  Overlord  
  13  0:17  Drone  
  14  0:30  Drone x2  
  14  0:34  Drone  
  17  0:51  Hatchery  
  17  0:55  Drone  
  17  0:58  Drone  
  18  1:06  Extractor  
  17  1:13  Spawning Pool  
  17  1:17  Drone  
  17  1:20  Drone  
  18  1:28  Drone  
  19  1:38  Overlord  
  19  1:49  Drone  
  20  1:59  Queen  
  20  2:00  Zergling x2  
  23  2:02  Queen  
  23  2:03  Zergling x2  
  23  2:08  Metabolic Boost  
  26  2:12  Drone  
  28  2:15  Drone  
  28  2:23  Drone  
  28  2:25  Drone  
  30  2:35  Drone x2  
  30  2:36  Queen  
  34  2:44  Overlord  
  34  2:48  Queen  
  36  3:02  Drone x3  
  36  3:04  Overlord  
  39  3:06  Drone x2  
  39  3:07  Drone  
  39  3:11  Drone  
  39  3:12  Drone  
  44  3:25  Hatchery  
  44  3:27  Drone  
  44  3:28  Drone  
  44  3:31  Drone  
  46  3:34  Drone x2  
  46  3:37  Overlord  
  48  3:43  Drone  
  48  3:45  Queen  
  48  3:48  Overlord  
  51  3:52  Drone, Evolution Chamber  
  51  3:53  Drone  
  52  3:57  Drone  
  52  3:59  Drone x2  
  54  4:04  Queen  
  54  4:08  Drone x3  
  54  4:09  Drone  
  60  4:14  Spore Crawler  
  60  4:15  Spore Crawler  
  60  4:17  Overlord  
  58  4:24  Zerg Ground Armor Level 1  
  58  4:31  Queen  
  58  4:35  Zergling x8  
  58  4:36  Zergling x2  
  65  4:39  Zergling x2  
  65  4:41  Zergling x4  
  65  4:44  Overlord  
  68  4:50  Spore Crawler  
  66  4:53  Overlord  
  66  4:56  Overlord  
  66  4:59  Evolution Chamber  
  65  5:08  Drone x6  
  71  5:14  Drone x2  
  71  5:15  Drone x2  
  71  5:16  Drone  
  71  5:17  Drone  
  71  5:21  Drone, Lair  
  77  5:22  Drone x2  
  77  5:23  Drone x2  
  77  5:25  Extractor x3  
  77  5:27  Drone  
  80  5:29  Extractor  
  80  5:30  Extractor  
  80  5:31  Drone  
  80  5:33  Drone  
  80  5:34  Spore Crawler  
  79  5:38  Spore Crawler  
  79  5:39  Drone  
  80  5:42  Drone  
  80  5:44  Drone x2  
  80  5:45  Drone  
  80  5:49  Drone  
  82  5:50  Drone  
  82  5:51  Drone x5  
  82  5:54  Drone  
  89  5:58  Drone  
  89  6:01  Overlord  
  90  6:05  Queen  
  90  6:09  Overlord x2  
  90  6:12  Overlord  
  90  6:16  Overlord  
  90  6:17  Zergling x2  
  90  6:19  Overlord  
  90  6:21  Overlord  
  90  6:23  Zergling x2  
  90  6:25  Zergling x4  
  92  6:29  Zergling x4  
  94  6:35  Queen  
  94  6:36  Zergling x2  
  94  6:37  Zergling x6  
  98  6:40  Zergling x2  
  98  6:43  Zergling x2  
  98  6:44  Zergling x2  
  90  6:47  Zergling x2  
  90  6:50  Zergling x2  
  90  6:51  Zergling x4  
  86  6:55  Zergling x2  
  86  7:00  Zergling x2  
  76  7:02  Zergling x2  
  76  7:05  Drone x4  
  76  7:06  Drone  
  74  7:13  Zergling x4  
  72  7:16  Drone x2  
  72  7:17  Drone  
  72  7:18  Drone  
  75  7:23  Spore Crawler, Drone x2  
  80  7:40  Hydralisk Den  
Tags
 
Add a new tag
Caveats
  • Supply blocks, unpowered buildings, or Contaminate may cause inaccurate times.
  • Supply counts are checked every 10 seconds.